Map: Acid Plant LE

Players

FREEZING - Winner!

  • Race: Protoss Protoss
  • League: Gold
  • Spawn Location: 5:00

Kozzy

  • Race: Protoss Protoss
  • League: Gold
  • Spawn Location: 11:00

VOD

Have the link to the VOD?

Description

Time

  • Played on: April 7, 2018, 3:50 a.m.
  • Length: 5:21
Show
View Real Time Build Order
Export as new Build Order

FREEZING Protoss - Winner!

Build Orders:  

Get SALT Encoding   

  12  0:01  Probe  
  13  0:13  Probe  
  14  0:17  Pylon  
  14  0:25  Probe  
  15  0:37  Gateway  
  15  0:39  Probe (Chrono Boost)  
  16  0:48  Probe (Chrono Boost)  
  17  0:50  Assimilator  
  17  0:53  Probe (Chrono Boost)  
  18  1:05  Probe  
  18  1:10  Gateway  
  19  1:17  Probe  
  20  1:19  Pylon  
  19  1:29  Probe  
  20  1:33  Cybernetics Core  
  20  1:39  Assimilator  
  20  1:53  Zealot  
  22  1:57  Zealot  
  24  2:01  Probe, Warp Gate (Chrono Boost)  
  25  2:13  Probe  
  26  2:27  Stalker x2  
  30  2:39  Probe  
  31  2:50  Pylon  
  31  3:08  Stalker x2  
  35  3:25  Gateway  
  35  3:26  Gateway  
  35  3:57  Pylon  
  33  4:14  Stalker  
  33  4:15  Stalker  
  35  4:17  Pylon  
  35  4:18  Pylon  
  35  4:27  Stalker  
  35  4:28  Stalker  
  39  4:39  Stalker x2  
  39  5:04  Stalker x4  
Show
View Real Time Build Order
Export as new Build Order

Kozzy Protoss 

Build Orders:  

Get SALT Encoding   

  12  0:01  Probe  
  13  0:13  Probe  
  14  0:18  Pylon  
  14  0:32  Probe (Chrono Boost)  
  15  0:39  Gateway  
  15  0:44  Probe (Chrono Boost)  
  16  0:51  Probe (Chrono Boost)  
  16  0:55  Assimilator  
  17  0:58  Probe  
  18  1:10  Probe (Chrono Boost)  
  19  1:22  Probe (Chrono Boost)  
  20  1:30  Cybernetics Core  
  20  1:33  Pylon  
  20  1:44  Pylon  
  20  1:49  Assimilator  
  20  1:53  Pylon  
  22  2:09  Stalker (Chrono Boost)  
  22  2:14  Forge  
  22  2:18  Shield Battery  
  22  2:25  Probe  
  23  2:35  Stalker  
  25  2:38  Probe  
  25  2:41  Gateway  
  25  2:43  Warp Gate  
  26  2:51  Protoss Ground Weapons Level 1 (Chrono Boost)  
  26  2:54  Probe  
  27  3:15  Probe  
  27  3:18  Pylon  
  28  3:27  Probe  
  29  3:37  Photon Cannon  
  29  3:42  Pylon  
  29  3:43  Stalker  
  29  3:45  Stalker  
  33  4:12  Stalker  
  35  4:18  Pylon  
  35  4:22  Stalker  
  37  4:36  Shield Battery  
  37  4:38  Gateway  
  37  4:49  Pylon, Twilight Council  
  33  5:10  Zealot  
  33  5:12  Zealot  
Tags
 
League
GoldGold
Matchup
PvP
Spawn Locations
Cross Positions
Add a new tag
Caveats
  • Supply blocks, unpowered buildings, or Contaminate may cause inaccurate times.
  • Supply counts are checked every 10 seconds.